 Dungeon Crawl Stone Soup version 0.30.0-5-g1a98f26d00 (webtiles) character file.

Game seed: 1747256235600731692

2 monsoonserge the Ruffian (level 1, -1/18 HPs)
             Began as a Naga Transmuter on May 9, 2023.
             Slain by a dart slug (3 damage)
             ... on level 1 of the Dungeon.
             The game lasted 00:00:30 (81 turns).

monsoonserge the Ruffian (Naga Transmuter)            Turns: 81, Time: 00:00:30

Health: -1/18      AC:  1    Str: 12    XL:     1   Next: 40%
Magic:  3/3        EV:  9    Int: 13    God:
Gold:   13         SH:  0    Dex: 11    Spells: 3/4 levels left

rFire   . .          .
                       - Unarmed
rCold   . . .        (no shield)
rNeg    . . .        a - +0 robe
rPois   +            (no helmet)
rElec   .            (no cloak)
rCorr   .            (no gloves)
SInv    +            (no barding)
Will    .....        (no amulet)
Stlth   +            (no ring)
HPRegen 0.23/turn    (no ring)
MPRegen 0.08/turn

%: no passive effects
@: very slow
A: AC +0, large, see invisible, deformed body, poison resistance, slowness 2,
spit poison 1, naga tail 1
a: Spit Poison


You were on level 1 of the Dungeon.
You visited 1 branch of the dungeon, and saw 1 of its levels.

You collected 13 gold pieces.

Inventory:

Armour
 a - a +0 robe (worn)
Potions
 b - a potion of lignification
 c - a potion of ambrosia {unknown}


   Skills:
 + Level 1.1 Fighting
 + Level 1.5 Dodging
 + Level 3.0 Unarmed Combat
 - Level 2.0 Spellcasting
 + Level 2.1 Transmutations


You had 3 spell levels left.
You knew the following spells:

 Your Spells              Type           Power      Damage    Failure   Level
a - Beastly Appendage     Tmut           12%        N/A       11%         1

Your spell library contained the following spells:

 Spells                   Type           Power      Damage    Failure   Level
 Wereblood                Tmut           6%         N/A       16%         2
 Spider Form              Tmut/Pois      4%         N/A       45%         3
 Ice Form                 Ice/Tmut       4%         N/A       86%         4


Dungeon Overview and Level Annotations

Branches:
Dungeon (1/15)

Altars:


Innate Abilities, Weirdness & Mutations

Your serpentine skin is tough. (AC +0)
You have supernaturally acute eyesight. (SInv)
Armour fits poorly on your strangely shaped body.
Your system is resistant to poisons. (rPois)
You cover ground very slowly.
You can spit poison.
You have a snake-like lower body.


Message History

You barely miss the endoplasm. You punch the endoplasm.
You kill the endoplasm!
A quokka and a rat come into view.
The quokka moves out of view.
A bat and a dart slug come into view.
You barely miss the rat. The rat closely misses you.
You hit the rat.
You kill the rat!
You hit the dart slug.
The dart slug is moderately wounded.
The dart slug closely misses you. The bat hits you but does no damage.
The quokka bites you.
You hit the dart slug but do no damage.
The dart slug is moderately wounded.
The bat hits you but does no damage. The quokka bites you.
The dart slug bites you.
You hit the dart slug.
The dart slug is moderately wounded.
The quokka bites you. The bat closely misses you.
You are too injured to fight recklessly!
Aiming: Spit Poison (3% risk of failure)
Press: ? - help, Shift-Dir - straight line, f - quokka
Aim: a quokka (38% to hit)
The splash of poison hits the quokka.
The quokka is poisoned.
The quokka is severely wounded.
The bat hits you but does no damage. The quokka bites you.
The dart slug bites you.
You hit the dart slug.
The dart slug is severely wounded.
The bat hits you but does no damage. The quokka bites you.
The dart slug closely misses you.
You hit the dart slug.
The dart slug is almost dead.
You have got your breath back.
The quokka closely misses you. The bat barely misses you. The quokka bites you.
* * * LOW HITPOINT WARNING * * *
You hit the dart slug but do no damage.
The dart slug is almost dead.
The bat closely misses you. The dart slug bites you.
You die...

.. .. # #. #
#.##+##### ###
#.....)$.##
..#.# #........#
≈.#.# #.r@.b..#
.. ≈§..#
#..#w...# ...
§§≈.#
#..#....#....
..≈.#
#..######...
§§≈§#.
#.).......#
.§≈§.. #.#
#.........#
≈≈≈.≈≈ #.#
##........#
≈...§. #.#
#........#
≈.≈≈≈.
#.#####........#


You could see a dart slug, a quokka (poisoned) and a bat.

Vanquished Creatures
  An endoplasm (D:1)
  2 rats (D:1)
3 creatures vanquished.

Notes
Turn   | Place    | Note
-------+----------+-------------------------------------------
     0 | D:1      | monsoonserge the Naga Transmuter began the quest for the
                  | Orb.
     0 | D:1      | Reached XP level 1. HP: 18/18 MP: 3/3
    81 | D:1      | Slain by a dart slug

Illustrated notes

Levels and vault maps discovered:
D:1:      psy_arrival_radial02, layout_basic, chequers_ecumenical_altar_simple

Action                     || total
---------------------------++-------
  Melee: Unarmed           ||    13
         Punch             ||     1
Ability: Spit Poison       ||     1
 Armour: Robe              ||     4
  Dodge: Dodged            ||     8
